 Dungeon Crawl Stone Soup version 0.30-a0-777-ga9a30cbeda (webtiles) character file.

Game seed: 10399443214212174204

678 Flugslaktarn the Chopper (level 7, -1/62 HPs)
             Began as a Hill Orc Fighter on Feb 13, 2023.
             Slain by Pikel
             ... wielding a +2 whip of freezing
              (7 damage)
             ... on level 4 of the Dungeon.
             The game lasted 00:02:00 (4145 turns).

Flugslaktarn the Chopper (Hill Orc Fighter)         Turns: 4145, Time: 00:02:01

Health: -1/62      AC:  7    Str: 19    XL:     7   Next: 60%
Magic:  7/7        EV:  9    Int:  8    God:
Gold:   265        SH:  4    Dex: 12    Spells: 6/6 levels left

rFire   . . .      SeeInvis .    a - +0 war axe
rCold   . . .      Faith    .    c - +0 buckler
rNeg    . . .      Spirit   .    b - +0 scale mail
rPois   .          Reflect  .    (no helmet)
rElec   .          Harm     .    (no cloak)
rCorr   .          Rampage  .    (no gloves)
Will    .....                    (no boots) Stlth
                                 (no amulet)
HPRegen 0.30/turn                (no ring)
MPRegen 0.10/turn                (no ring)

@: no status effects
A: no striking features
a: no special abilities


You were on level 4 of the Dungeon.
You visited 1 branch of the dungeon, and saw 4 of its levels.

You collected 265 gold pieces.

Inventory:

Hand Weapons
 a - a +0 war axe (weapon)
Armour
 b - a +0 scale mail (worn)
 c - a +0 buckler (worn)
Jewellery
 i - an amulet of the acrobat
   (You found it on level 2 of the Dungeon)
Wands
 d - a wand of roots (3)
   (You took it off Ijyb on level 3 of the Dungeon)
Scrolls
 f - 5 scrolls of identify {unknown}
 k - a scroll of fog {unknown}
Potions
 e - 3 potions of brilliance {unknown}
 g - a potion of flight {unknown}
 h - 4 potions of haste
 j - 2 potions of magic {unknown}
 l - a potion of mutation {unknown}


   Skills:
 + Level 5.8 Fighting
 * Level 7.6 Axes
 + Level 5.2 Armour
 - Level 3.2 Shields
 + Level 2.1 Evocations


You had 6 spell levels left.
You didn't know any spells.
Your spell library was empty.

Dungeon Overview and Level Annotations

Branches:
Dungeon (4/15)
 Temple: D:4-7

Altars:
Ashenzari
The Shining One

Shops:
D:2 [   D:3 =

Annotations:
D:4 Pikel


Message History

The iguana barely misses you.
You hit the iguana but do no damage.
The iguana is almost dead.
The iguana bites you.
You hit the iguana.
You kill the iguana!
You block the endoplasm's attack.
You slash the endoplasm!
You kill the endoplasm!
You hit the giant cockroach.
You kill the giant cockroach!
You hit the endoplasm.
The endoplasm is moderately wounded.
The endoplasm freezes you.
You are frozen.
You slash the endoplasm!
You kill the endoplasm!
You completely miss the goblin. The goblin hits you with a +0 club.
You closely miss the goblin. The goblin hits you but does no damage.
The goblin closely misses you.
You closely miss the goblin. The goblin hits you but does no damage.
You barely miss the goblin. The goblin hits you but does no damage.
You closely miss the goblin. The goblin barely misses you.
You closely miss the goblin. The goblin closely misses you.
You slash the goblin!
You kill the goblin!
Things that are here:
a +0 club; a goblin corpse; a giant cockroach corpse No target in view!
h - 4 potions of haste (gained 1)
Things that are here:
a +0 club; a goblin corpse; a giant cockroach corpse
There is an open door, spattered with blood here.
Pikel shouts!
Pikel is nearby!
Pikel is nearby!
Pikel is nearby!
Okay, then.
The lemure shouts!
Aiming: Fastroot
Press: ? - help, Shift-Dir - straight line, f - Pikel
Aim: Pikel, wielding a +2 whip of freezing and wearing a +0 robe The roots erupt in riotous growth!
Roots grab Pikel.
The grasping roots constrict Pikel.
Pikel struggles to escape constriction.
The grasping roots constrict Pikel.
The roots release their grip on Pikel.
Pikel hits you with a +2 whip of freezing.
Pikel freezes you.
The lemure shouts!
You hit Pikel.
Pikel is moderately wounded.
Pikel cracks his whip.
Pikel hits you with a +2 whip of freezing.
Pikel freezes you.
You hit Pikel.
Pikel is moderately wounded.
Pikel closely misses you.
You hit Pikel but do no damage.
Pikel is moderately wounded.
Pikel hits you with a +2 whip of freezing!
Pikel freezes you.
You hit Pikel but do no damage.
Pikel is moderately wounded.
Pikel hits you with a +2 whip of freezing!
Pikel freezes you.
You closely miss Pikel.
Pikel is moderately wounded.
Pikel hits you but does no damage.
Aiming: Fastroot
Press: ? - help, Shift-Dir - straight line, f/p - Pikel
Aim: Pikel, wielding a +2 whip of freezing and wearing a +0 robe (moderately wounded)
The roots erupt in riotous growth!
Roots grab Pikel.
Roots grab the lemure.
The grasping roots constrict Pikel.
The grasping roots constrict the lemure.
Pikel hits you with a +2 whip of freezing.
Pikel freezes you.
You hit Pikel but do no damage.
Pikel is moderately wounded.
The grasping roots constrict Pikel!
The grasping roots constrict the lemure!
Pikel hits you with a +2 whip of freezing!
Pikel freezes you.
* * * LOW HITPOINT WARNING * * *
You are too injured to fight recklessly!
You hit Pikel but do no damage.
Pikel is severely wounded.
The grasping roots constrict Pikel!
The grasping roots constrict the lemure!
The roots release their grip on Pikel.
The roots release their grip on the lemure.
Pikel hits you but does no damage.
Pikel hits you with a +2 whip of freezing!
* * * LOW HITPOINT WARNING * * *
Pikel freezes you.
* * * LOW HITPOINT WARNING * * *
You hit Pikel.
Pikel is almost dead.
Pikel hits you with a +2 whip of freezing!
You die...

#####....#
#.##.#.##...##.#.##..#
####..####
#.#..#..##'##..#..#..# .....####
#.#.##....#....##.#..# #.......#
#.#..##.......##..#..#
..#####.##
#.#..)'.......[...#..# .## #..#
#.#..##.......##..#..# .#
##.###.#.##.......).##.#..# ####
#...#.###...........###..# .).##
####...55K@............+.##
##..###...#..######.....######.#
##.:##...##.# +#...#+ #.#
##......##.# ##.## #.#
####......# #.# #.# #...##.# #.#
#.# #...##.########'########.#
#...##...................#
##########...........#####


You could see Pikel and 2 lemures.

Vanquished Creatures
  A water moccasin (D:3)
  2 lemures
  2 scorpions (D:4)
  A hound (D:4)
  2 orc priests (D:3)
  An iguana (D:4)
  Terence (D:3)
  Ijyb (D:3)
  2 orc wizards (D:4)
  12 adders
  A worm (D:3)
  9 orcs
  7 ball pythons
  7 bats
  12 endoplasms
  6 giant cockroaches
  11 goblins
  5 hobgoblins
  5 jackals
  7 kobolds
  5 quokkas
  A frilled lizard (D:3)
  3 rats
104 creatures vanquished.

Vanquished Creatures (others)
  An orc wizard (D:4)
1 creature vanquished.

Grand Total: 105 creatures vanquished

Notes
Turn   | Place    | Note
-------+----------+-------------------------------------------
     0 | D:1      | Flugslaktarn the Hill Orc Fighter began the quest for the
                  | Orb.
     0 | D:1      | Reached XP level 1. HP: 19/19 MP: 1/1
    30 | D:1      | Reached skill level 3 in Axes
    60 | D:1      | Reached XP level 2. HP: 24/27 MP: 2/2
   221 | D:1      | Reached XP level 3. HP: 29/33 MP: 3/3
   953 | D:2      | Reached skill level 4 in Axes
  1124 | D:2      | Reached XP level 4. HP: 40/40 MP: 4/4
  1663 | D:2      | Found Zaitoex's Armour Boutique.
  1782 | D:2      | Reached skill level 5 in Axes
  1929 | D:3      | Reached XP level 5. HP: 47/47 MP: 5/5
  2008 | D:3      | Noticed Ijyb
  2017 | D:3      | Killed Ijyb
  2178 | D:3      | Reached skill level 6 in Axes
  2178 | D:3      | Reached XP level 6. HP: 52/55 MP: 6/6
  2247 | D:3      | Reached skill level 5 in Fighting
  2342 | D:3      | Found a faded altar of an unknown god.
  2677 | D:3      | Noticed a water moccasin
  2689 | D:3      | Killed a water moccasin
  2690 | D:3      | Reached skill level 1 in Evocations
  2841 | D:3      | Found a broken altar of Ashenzari.
  2841 | D:3      | Found a glowing golden altar of the Shining One.
  2880 | D:3      | Found Ylitoka's Jewellery Shoppe.
  2880 | D:3      | Noticed Terence
  2884 | D:3      | Killed Terence
  2905 | D:3      | Identified the +4 leather armour of the Salmon {rPois
                  | Will+}
  2954 | D:4      | Noticed Pikel
  3285 | D:4      | Reached XP level 7. HP: 41/61 MP: 7/7
  3405 | D:4      | Reached skill level 7 in Axes
  3410 | D:4      | Reached skill level 5 in Armour
  4145 | D:4      | Slain by Pikel

Illustrated notes

Levels and vault maps discovered:
D:1:      ncdulo_lavacross, layout_basic, minmay_ruptured
D:2:      layout_loops_corners, serial_shops, shop_coins, serial_bayou_pond_c,
          minmay_misc_feat_doors
D:3:      layout_basic, nicolae_overflow_two_pavilions, serial_shops, shop,
          shapermc_ecumenical_altar_pompeii, grunt_decor_one_mirror,
          uniq_terence, uniq_ijyb
D:4:      layout_rooms, gammafunk_ghost_cemetery, minmay_pentangle, uniq_pikel

Skill      XL: |  1  2  3  4  5  6  7 |
---------------+----------------------+-----
Axes           | 3 4 5 6 7 |  7.6
Fighting       | 4 5 |  5.8
Armour         | 4 5 |  5.2
Evocations     | 1 2 |  2.1
Shields        | |  3.2

Action                     |  1- 3 |  4- 6 |  7- 9 || total
---------------------------+-------+-------+-------++-------
  Melee: War axe           |    89 |   177 |   125 ||   391
  Evoke: Wand              |       |       |     2 ||     2
    Use: Potion            |       |     1 |     1 ||     2
 Armour: Scale mail        |    49 |    78 |    31 ||   158
  Dodge: Dodged            |    29 |    87 |    40 ||   156
  Block: Buckler           |    22 |    41 |    17 ||    80

Table legend: (Time is in decaauts)
 A = Elapsed time spent in this place.
 B = Non-inter-level travel time spent in this place.
 C = Inter-level travel time spent in this place.
 D = Time resting spent in this place.
 E = Time spent auto-exploring this place.
 F = Levels seen in this place.
 G = Mean time per level.
                   A        B        C        D        E       F      G
               +--------+--------+--------+--------+--------+-----+--------+
         Total |   4225 |   4012 |    213 |    433 |   2797 |   4 | 1056.2 |
       Dungeon |   4225 |   4012 |    213 |    433 |   2797 |   4 | 1056.2 |
               +--------+--------+--------+--------+--------+-----+--------+

Top non-repeatable levels by time:
     D:3: 1340 daAuts
     D:2: 1093 daAuts
     D:1: 971 daAuts
     D:4: 819 daAuts
